Map: King Sejong Station LE

Players

LesBleus - Winner!

  • Race: Protoss Protoss
  • League: Platinum

Nickos

  • Race: Terran Terran
  • League: Gold

VOD

Have the link to the VOD?

Description

Time

  • Played on: Sept. 24, 2016, 3:35 a.m.
  • Length: 13:25
Show
View Real Time Build Order
Export as new Build Order

LesBleus Protoss - Winner!

Build Orders:  

Get SALT Encoding   

  12  0:01  Probe (Chrono Boost)  
  13  0:11  Probe (Chrono Boost)  
  14  0:17  Pylon  
  14  0:22  Probe (Chrono Boost)  
  16  0:35  Probe (Chrono Boost)  
  16  0:38  Gateway  
  16  0:46  Probe (Chrono Boost)  
  16  0:48  Assimilator  
  17  0:57  Probe (Chrono Boost)  
  18  1:05  Pylon  
  18  1:07  Probe (Chrono Boost)  
  19  1:18  Probe (Chrono Boost)  
  20  1:28  Cybernetics Core  
  20  1:31  Assimilator  
  20  1:32  Probe (Chrono Boost)  
  21  1:43  Probe (Chrono Boost)  
  22  1:49  Gateway  
  22  1:53  Probe (Chrono Boost)  
  23  2:06  Probe (Chrono Boost)  
  23  2:07  Stalker  
  26  2:08  Warp Gate  
  26  2:16  Probe (Chrono Boost)  
  26  2:34  Probe (Chrono Boost)  
  26  2:36  Stalker  
  29  2:42  Nexus  
  29  2:47  Pylon  
  29  2:55  Stalker  
  31  3:04  Pylon  
  33  3:06  Mothership Core (Chrono Boost)  
  33  3:10  Stalker  
  35  3:24  Probe (Chrono Boost)  
  36  3:34  Stalker  
  36  3:36  Probe (Chrono Boost)  
  39  3:46  Probe (Chrono Boost)  
  40  3:49  Stalker  
  43  3:55  Probe (Chrono Boost)  
  43  3:57  Probe (Chrono Boost)  
  44  4:05  Gateway  
  44  4:06  Probe (Chrono Boost)  
  44  4:08  Gateway  
  45  4:13  Probe (Chrono Boost)  
  45  4:17  Probe (Chrono Boost)  
  47  4:32  Probe x2 (Chrono Boost)  
  49  4:43  Probe (Chrono Boost)  
  49  4:52  Probe (Chrono Boost)  
  49  4:53  Probe (Chrono Boost)  
  50  5:03  Probe (Chrono Boost)  
  50  5:04  Probe (Chrono Boost)  
  52  5:13  Probe (Chrono Boost)  
  53  5:14  Probe (Chrono Boost)  
  54  5:23  Assimilator, Robotics Facility  
  54  5:24  Probe (Chrono Boost)  
  54  5:25  Probe (Chrono Boost), Pylon  
  54  5:26  Assimilator  
  54  5:28  Pylon  
  56  5:31  Pylon  
  56  5:35  Probe (Chrono Boost)  
  57  5:37  Forge  
  57  5:44  Gateway  
  57  5:48  Mothership Core (Chrono Boost)  
  59  5:50  Pylon x2  
  59  5:56  Sentry x2  
  63  5:57  Zealot x2  
  63  6:01  Protoss Ground Armor Level 1  
  67  6:18  Robotics Bay  
  67  6:21  Observer  
  67  6:22  Zealot x2, Pylon  
  67  6:23  Zealot x2  
  76  6:30  Pylon  
  76  6:40  Robotics Facility  
  76  6:49  Observer  
  76  6:50  Sentry x2  
  76  6:51  Stalker x3  
  87  7:16  Pylon  
  87  7:20  Zealot x2  
  87  7:21  Probe (Chrono Boost), Zealot x3  
  98  7:23  Disruptor  
  100  7:45  Disruptor  
  103  7:51  Nexus  
  103  7:53  Pylon  
  103  8:03  Disruptor  
  106  8:15  Probe (Chrono Boost), Stalker x3  
  106  8:16  Probe (Chrono Boost), Stalker x2  
  118  8:24  Pylon  
  118  8:31  Gateway, Pylon  
  118  8:33  Gateway  
  118  8:35  Gateway  
  118  8:40  Zealot x2, Stalker  
  118  8:41  Stalker  
  126  8:42  Colossus  
  126  8:45  Colossus  
  67  9:49  Zealot x3  
  67  9:50  Colossus x2, Zealot  
  67  9:52  Extended Thermal Lance  
  83  10:03  Stalker  
  85  10:18  Stalker x2  
  85  10:19  Sentry x2  
  85  10:20  Zealot x3  
  100  10:28  Probe (Chrono Boost)  
  100  10:29  Probe (Chrono Boost)  
  100  10:30  Probe (Chrono Boost)  
  102  10:36  Zealot  
  104  10:44  Adept x2  
  104  10:45  Adept x5  
  118  10:59  Assimilator  
  118  11:03  Stalker  
  118  11:04  Assimilator  
  120  11:10  Stalker x4  
  116  11:28  Zealot x2  
  116  11:29  Zealot  
  120  11:36  Probe x2 (Chrono Boost)  
  120  11:38  Probe (Chrono Boost)  
  123  11:46  Stalker x3  
  129  11:47  Stalker x2  
  129  11:49  Disruptor  
  129  11:50  Disruptor  
  139  12:02  Pylon  
  137  12:13  Stalker x2  
  137  12:14  Stalker x3  
  147  12:16  Pylon  
  147  12:27  Disruptor x2  
Show
View Real Time Build Order
Export as new Build Order

Nickos Terran 

Build Orders: MMM Bio 

Get SALT Encoding   

  12  0:01  SCV  
  13  0:13  SCV  
  14  0:20  Supply Depot  
  14  0:25  SCV  
  15  0:41  SCV  
  16  0:43  Barracks  
  16  0:53  SCV  
  17  1:05  SCV  
  18  1:21  SCV  
  19  1:31  Marine  
  19  1:32  Command Center  
  20  1:33  SCV  
  20  1:38  Barracks  
  20  1:45  SCV  
  21  1:56  Supply Depot  
  21  1:57  SCV  
  22  2:07  Marine  
  23  2:17  SCV  
  23  2:19  Refinery  
  23  2:20  Barracks  
  25  2:30  SCV  
  25  2:37  Marine x2  
  25  2:40  Refinery  
  27  2:48  Orbital Command  
  26  2:55  Marine  
  27  3:08  Orbital Command  
  27  3:12  Marine  
  27  3:13  Barracks Tech Lab  
  29  3:27  SCV  
  30  3:39  Barracks Reactor  
  29  3:44  SCV x2  
  29  3:46  Barracks Reactor  
  31  3:50  Marauder  
  31  3:53  Stimpack  
  33  3:56  SCV  
  33  3:58  SCV  
  33  3:59  Barracks  
  35  4:08  SCV  
  36  4:11  SCV  
  36  4:12  Supply Depot  
  36  4:16  Marine x2  
  41  4:17  Marauder  
  41  4:20  SCV  
  41  4:24  SCV  
  43  4:26  Supply Depot  
  39  4:33  Marine, SCV  
  39  4:34  Bunker, Marine x2  
  43  4:38  Marauder  
  35  5:01  Marine  
  35  5:02  Barracks Tech Lab, Marine x2  
  38  5:11  Marine x2  
  38  5:13  SCV x2  
  41  5:15  Factory  
  41  5:19  Marine  
  42  5:21  Marine  
  42  5:25  SCV x2  
  42  5:27  Marine  
  42  5:28  Marine  
  47  5:30  Marauder  
  47  5:32  Bunker  
  49  5:36  Marine  
  49  5:37  SCV  
  51  5:43  Marine  
  51  5:44  Supply Depot  
  51  5:45  SCV  
  51  5:46  Marauder  
  55  5:52  SCV  
  55  5:53  Marine x3  
  59  6:03  Combat Shields, SCV  
  59  6:04  SCV  
  61  6:05  Marine x2  
  63  6:14  Marine x2  
  63  6:18  SCV x2  
  67  6:21  Command Center  
  67  6:22  Supply Depot  
  67  6:26  Marauder  
  67  6:28  Marauder  
  67  6:30  SCV x2  
  67  6:31  Marine x2  
  75  6:42  SCV  
  75  6:45  SCV  
  77  6:50  Marine x3  
  77  6:52  Factory Reactor  
  77  6:53  Engineering Bay  
  77  6:54  Starport, SCV  
  80  6:55  Marine  
  80  6:57  SCV  
  83  7:02  Engineering Bay  
  83  7:04  Supply Depot  
  83  7:06  SCV  
  83  7:07  Supply Depot  
  82  7:08  Marine  
  82  7:09  Marine  
  82  7:14  Marauder  
  86  7:25  SCV x2, Marine  
  86  7:26  Marauder  
  86  7:29  Supply Depot, Marine x2  
  92  7:30  Marine  
  92  7:36  Marauder  
  96  7:39  Bunker  
  96  7:43  Bunker  
  96  7:45  Marine  
  96  7:47  Marine  
  98  7:53  Terran Infantry Weapons Level 1, Terran Infantry Armor Level 1  
  98  7:54  Marine x3  
  98  7:57  Marauder  
  103  8:05  Marauder  
  105  8:15  Marine x3  
  105  8:16  Marine  
  105  8:18  Marauder  
  111  8:25  Bunker  
  111  8:26  Planetary Fortress, Marine  
  112  8:28  SCV x2  
  112  8:33  Marine x4  
  118  8:35  Refinery  
  118  8:36  Refinery  
  118  8:40  SCV x2  
  118  8:41  Supply Depot  
  120  8:42  Supply Depot  
  120  8:52  SCV  
  120  8:53  SCV  
  122  9:00  Marine x3  
  125  9:04  Medivac, SCV  
  125  9:08  Marine x3  
  82  9:43  Marine x5  
  87  9:46  Marine  
  87  9:49  SCV x3  
  91  9:57  Medivac  
  91  9:58  Medivac  
  94  10:00  Marine  
  94  10:01  SCV  
  96  10:10  Marine x3  
  96  10:11  Marine x2  
  98  10:15  SCV x2  
  98  10:18  Marine  
  101  10:23  Barracks  
  101  10:24  Barracks  
  101  10:25  Barracks  
  101  10:27  Medivac  
  103  10:36  Marine, Marauder x2  
  103  10:37  Marine  
  103  10:40  Command Center  
  109  10:45  Marine  
  109  10:46  Marine  
  111  10:54  Marine  
  112  10:57  Marauder x2  
  112  11:00  Orbital Command  
  113  11:15  Marine x2  
  88  11:19  Marauder x2  
  88  11:21  Marine x2  
  80  11:33  Marine x2  
  80  11:39  Marine x3  
  79  11:40  Marine  
  79  11:45  Medivac  
  79  11:46  Medivac, Barracks Reactor  
  79  11:47  Barracks Tech Lab, Barracks Reactor  
  85  11:51  Marine x2  
  87  11:56  Planetary Fortress  
  87  11:57  Marine x3  
  90  12:07  Marine  
  90  12:08  Marine  
  94  12:16  Barracks, Marauder  
  94  12:17  Barracks  
  94  12:18  Refinery  
  94  12:19  Barracks  
  94  12:21  Marine  
  94  12:22  Marine x4  
  98  12:26  Marine, Marauder x2  
  98  12:27  Marine x2  
  107  12:37  Marauder  
  107  12:39  Marine x3  
  107  12:40  Marine  
  99  12:46  Marine x3  
  99  12:49  Marine x2  
  81  12:57  Marine x3  
  80  12:58  Marauder  
  80  13:04  Marine  
Tags
 
Add a new tag
Caveats
  • Supply blocks, unpowered buildings, or Contaminate may cause inaccurate times.
  • Supply counts are checked every 10 seconds.